 Dungeon Crawl Stone Soup version 0.22-a0-571-g4a923d4 (webtiles) character file.

318 Hebeh the Chopper (level 6, 0/55 HPs)
             Began as a Minotaur Fighter on July 2, 2018.
             Slain by a sky beast (2 damage)
             ... on level 5 of the Dungeon.
             The game lasted 00:07:52 (2426 turns).

Hebeh the Chopper (Minotaur Fighter)                Turns: 2426, Time: 00:07:52

Health: 0/55       AC:  7    Str: 23    XL:     6   Next: 21%
Magic:  5/5        EV:  8    Int:  5    God:
Gold:   195        SH: 10    Dex:  9    Spells: 5/5 levels left

rFire    . . .     SeeInvis .   q - +2 flail (drain)
rCold    . . .     Gourm    .   c - +0 shield
rNeg     . . .     Faith    .   b - +0 scale mail
rPois    .         Spirit   .   (helmet restricted)
rElec    .         Reflect  .   (no cloak)
rCorr    .         Harm     .   (no gloves)
MR       .....                  (no boots)
Stlth    ..........             (no amulet)
HPRegen  0.18/turn              (no ring)
MPRegen  0.09/turn              (no ring)

@: no status effects
A: retaliatory headbutt, horns 2
a: no special abilities


You were on level 5 of the Dungeon.
You were not hungry.

You visited 1 branch of the dungeon, and saw 5 of its levels.

You collected 195 gold pieces.

Inventory:

Hand Weapons
 a - a +0 war axe
 q - a +2 flail of draining (weapon)
Missiles
 i - 3 javelins (quivered)
Armour
 b - a +0 scale mail (worn)
 c - a +0 shield (worn)
 p - a +0 cloak
Jewellery
 n - an uncursed amulet of faith {unknown}
Scrolls
 e - 5 scrolls of identify {unknown}
 j - 3 scrolls of fog {unknown}
 k - 2 scrolls of teleportation {unknown}
 m - a scroll of fear {unknown}
 o - a scroll of remove curse {unknown}
 t - a scroll of noise {unknown}
Potions
 d - a potion of might
 g - a potion of agility {unknown}
 h - 3 potions of lignification {unknown}
 l - 2 potions of mutation {unknown}
 s - a potion of heal wounds {unknown}
Comestibles
 f - 5 rations
 r - 2 chunks of flesh


   Skills:
 + Level 4.8 Fighting
 - Level 4.8(5.1) Axes
 * Level 2.4(3.9) Maces & Flails
 + Level 4.8 Armour
 - Level 0.7 Dodging
 + Level 4.8 Shields


You had 5 spell levels left.
You didn't know any spells.
Your spell library was empty.

Dungeon Overview and Level Annotations

Branches:
Dungeon (5/15)             Temple (0/1) D:4

Altars:
Okawaru
Yredelemnul

Annotations:
D:3 2 runed doors, TheNamelessOne's ghost, amateur OgMo


Innate Abilities, Weirdness & Mutations

You reflexively headbutt those who attack you in melee.
You have a pair of horns on your head.


Message History

Beogh smites you!
* * * LOW HITPOINT WARNING * * *
There is a stone staircase leading down here.
You block the giant cockroach's attack.
You climb downwards.
A sky beast comes into view.
Found 15 bolts.
There is a stone staircase leading up here.
You are too injured to fight recklessly!
You are too injured to fight recklessly!
You barely miss the giant cockroach.
The giant cockroach bites you but does no damage.
The giant cockroach barely misses you. You furiously retaliate!
You headbutt the giant cockroach, but do no damage.
You sock the giant cockroach!
You kill the giant cockroach!
You thump the sky beast! You drain the sky beast! You headbutt the sky beast.
The sky beast is heavily wounded.
The sky beast hits you.
You die... ############### .......@Y.....( ##############.

You could see a sky beast.

Vanquished Creatures
  A hound (D:4)
  An orc wizard (D:4)
  Crazy Yiuf (D:2)
  Natasha (D:4)
  Terence (D:3)
  Robin (D:2)
  6 adders
  2 oozes
  2 worms (D:3)
  3 leopard geckos
  5 orcs (D:3)
  3 ball pythons
  10 bats
  5 giant cockroaches
  13 hobgoblins
  2 jackals (D:4)
  18 kobolds
  3 quokkas
  6 frilled lizards
  9 goblins
  7 rats
100 creatures vanquished.

Notes
Turn   | Place    | Note
-------+----------+-------------------------------------------
     0 | D:1      | Hebeh the Minotaur Fighter began the quest for the Orb.
     0 | D:1      | Reached XP level 1. HP: 19/19 MP: 0/0
   106 | D:1      | Reached XP level 2. HP: 25/27 MP: 1/1
   488 | D:1      | Reached XP level 3. HP: 28/33 MP: 2/2
   597 | D:2      | Found an iron altar of Okawaru.
   755 | D:2      | Noticed Robin
   764 | D:2      | Reached XP level 4. HP: 27/40 MP: 3/3
   768 | D:2      | Killed Robin
   941 | D:2      | Found a basalt altar of Yredelemnul.
  1238 | D:2      | Found a runed door.
  1242 | D:2      | Noticed Crazy Yiuf
  1249 | D:2      | Killed Crazy Yiuf
  1500 | D:3      | Noticed Terence
  1505 | D:3      | Killed Terence
  1505 | D:3      | Reached XP level 5. HP: 44/47 MP: 4/4
  1768 | D:3      | Reached skill level 1 in Maces & Flails
  1966 | D:3      | Found a runed door.
  1978 | D:3      | Noticed TheNamelessOne's ghost (amateur OgMo)
  2132 | D:3      | Found a runed door.
  2297 | D:4      | Noticed Natasha
  2300 | D:4      | Killed Natasha
  2312 | D:4      | Reached XP level 6. HP: 45/53 MP: 5/5
  2384 | D:4      | Found a staircase to the Ecumenical Temple.
  2420 | D:4      | HP: 1/55 [orc priest/divine providence (11)]
  2423 | D:5      | Entered Level 5 of the Dungeon
  2423 | D:5      | Noticed a sky beast
  2426 | D:5      | Slain by a sky beast

Vault maps used:
D:1:      ebering_trefoil_twist, serial_glass, glass_columns_a, glass_columns_a,
          glass_columns_c, glass_columns_a, minivault_24
D:2:      marbit_many_paths, lemuel_round_altar, uniq_robin,
          uniq_crazy_yiuf_cottage
D:3:      ebering_ghost_sewer_f, minmay_goblin_kobold_house, uniq_terence
D:4:      old_standard_altar, nemelex_xobeh_ov_fountains_minmay,
          minmay_temple_entry_butterflies, serial_shops, kennysheep_mini_moat,
          uniq_purgy, uniq_natasha
D:5:      zin_purify, first_ration, gammafunk_ghost_grave

Skill      XL: |  1  2  3  4  5 |
---------------+----------------+-----
Shields        | 4 |  4.8
Armour         | 4 |  4.8
Fighting       | 4 |  4.8
Axes           | 3 4 |  4.8
Maces & Flails | 2 |  2.4
Dodging        | |  0.7

Action                   |  1- 3 |  4- 6 || total
-------------------------+-------+-------++-------
Melee: War axe           |    93 |    44 ||   137
       Headbutt          |     9 |    18 ||    27
       Flail             |       |   108 ||   108
  Eat: Chunk             |       |     5 ||     5
Armor: Scale mail        |    64 |    74 ||   138
Dodge: Dodged            |    32 |    63 ||    95
Block: Shield            |    49 |   100 ||   149

Table legend:
 A = Spawn XP
 B = Non-spawn XP
 C = Spawn XP percentage of total XP
 D = Spawn monster count
 E = Non-spawn monster count
 F = Spawn count percentage of total count
 G = Total turns spent on level
                    A         B        C        D         E        F      G
               +---------+---------+-------+---------+---------+-------+---------
         Total |       0 |     455 |   0.0 |       0 |     100 |   0.0 |  2426
               +---------+---------+-------+---------+---------+-------+---------
           D:1 |       0 |      41 |   0.0 |       0 |      24 |   0.0 |   597
           D:2 |       0 |     147 |   0.0 |       0 |      32 |   0.0 |   834
           D:3 |       0 |     137 |   0.0 |       0 |      37 |   0.0 |   822
           D:4 |       0 |     128 |   0.0 |       0 |       6 |   0.0 |   170
           D:5 |       0 |       2 |   0.0 |       0 |       1 |   0.0 |     3
               +---------+---------+-------+---------+---------+-------+---------
